 Dungeon Crawl Stone Soup version 0.27-a0-1186-g8b4daa1eef (webtiles) character file.

Game seed: 7795657420709216103

218 tilp the Caller (level 5, -8/42 HPs)
             Began as a Barachi Summoner on May 19, 2021.
             Mangled by an orc warrior
             ... wielding a +0 great sword
              (13 damage)
             ... on level 5 of the Dungeon.
             The game lasted 00:08:13 (4600 turns).

tilp the Caller (Barachi Summoner)                  Turns: 4600, Time: 00:08:15

Health: -8/42      AC:  8    Str: 11    XL:     5   Next: 95%
Magic:  3/9        EV: 12    Int: 15    God:
Gold:   167        SH:  0    Dex: 12    Spells: 4/10 levels left

rFire    . . .     SeeInvis .   a - +0 trident
rCold    . . .     Faith    .   (no shield)
rNeg     + . .     Spirit   .   c - +1 robe
rPois    +         Reflect  .   (no helmet)
rElec    .         Harm     .   n - +0 cloak
rCorr    .         Rampage  .   (no gloves)
Will     .....                  (no boots)
Stlth    ++........             o - amulet of Nobility {RegenMP rPois}
HPRegen  0.14/turn              h - ring of positive energy
MPRegen  0.36/turn              g - +4 ring of protection

@: slow
A: amphibious, slowness 1, strong legs 1, +LOS
a: Hop


You were on level 5 of the Dungeon.
You visited 1 branch of the dungeon, and saw 5 of its levels.

You collected 167 gold pieces.

Inventory:

Hand Weapons
 a - a +0 trident (weapon)
 b - a +0 dagger
 f - a +0 scimitar
Missiles
 r - 20 poisoned darts (quivered)
Armour
 c - a +1 robe (worn)
 n - a +0 cloak (worn)
 s - a +0 buckler
Jewellery
 g - a +4 ring of protection (right hand)
 h - a ring of positive energy (left hand)
 j - a ring of fire
 o - the amulet of Nobility (around neck) {RegenMP rPois}
   (You acquired it on level 2 of the Dungeon)

   [amulet of magic regeneration]

   It increases your rate of magic regeneration.
   It protects you from poison.
 q - a +6 ring of intelligence
Potions
 d - a potion of resistance
 e - a potion of haste {unknown}
 i - a potion of cancellation {unknown}
 k - a potion of heal wounds {unknown}
 l - a potion of attraction {unknown}
 m - a potion of degeneration {unknown}
 p - a potion of lignification {unknown}
 t - a potion of flight {unknown}


   Skills:
 - Level 4.0 Fighting
 - Level 2.1 Dodging
 - Level 1.7 Stealth
 + Level 2.5 Shields
 - Level 3.0 Spellcasting
 - Level 6.0 Summonings


You had 4 spell levels left.
You knew the following spells:

 Your Spells              Type           Power      Damage    Failure   Level
a - Summon Small Mammal   Summ           80%        N/A       1%          1
b - Call Imp              Summ           20%        N/A       2%          2
c - Call Canine Familiar  Summ           20%        N/A       4%          3

Your spell library contained the following spells:

 Spells                   Type           Power      Damage    Failure   Level
 Summon Guardian Golem    Hex/Summ       11%        N/A       17%         3
 Summon Ice Beast         Ice/Summ       11%        N/A       50%         4
 Summon Lightning Spire   Summ/Air       11%        N/A       50%         4


Dungeon Overview and Level Annotations

Branches:
Dungeon (5/15)
 Temple: D:4-7

Altars:
Fedhas
Zin

Annotations:
D:3 Grinder, Terence
D:4 exclusion: ball python, Eustachio, Menkaure


Innate Abilities, Weirdness & Mutations

You are amphibious.
You cover ground slowly.
You can hop short distances.
You have an extended range of vision and can be seen from far away.


Message History

Throw: 20 darts (poison)
Press: ? - help, Q - select action, (/) - cycle Shift-Dir - straight line, f/p - orc warrior
Aim: an orc warrior, wielding a +0 great sword and wearing a +0 plate armour (severely wounded, ally target, 59% to hit)
Really fire in your hound's direction?
Okay, then.
Reach: a) +0 trident
Press: ? - help, Dir - move target, f/p - orc warrior
Aim: an orc warrior, wielding a +0 great sword and wearing a +0 plate armour (severely wounded, ally target, about 43% to evade your +0 trident)
You could not reach far enough!
You are ready to hop once more.
Your hound barely misses the orc warrior.
The orc warrior hits your hound with a +0 great sword!
Your hound bites the orc warrior.
Reach: a) +0 trident
Press: ? - help, Dir - move target, f/p - orc warrior
Aim: an orc warrior, wielding a +0 great sword and wearing a +0 plate armour (severely wounded, ally target, about 43% to evade your +0 trident)
You could not reach far enough!
The orc warrior hits your hound with a +0 great sword!
Your hound dies!
Your hound's corpse disappears in a puff of smoke!
Your white imp gestures at the orc warrior.
The puff of frost misses the orc warrior.
Reach: a) +0 trident
Press: ? - help, Dir - move target, f/p - orc warrior
Aim: an orc warrior, wielding a +0 great sword and wearing a +0 plate armour (severely wounded, ally target, about 43% to evade your +0 trident)
You hit the orc warrior but do no damage.
The orc warrior is severely wounded.
Your white imp gestures at the orc warrior.
The puff of frost hits the orc warrior.
The orc warrior hits your white imp with a +0 great sword!
Your white imp dies!
The orc warrior shouts!
You hit the orc warrior.
The orc warrior is almost dead.
The orc warrior hits you with a +0 great sword!
* * * LOW HITPOINT WARNING * * *
You hit the orc warrior.
The orc warrior is almost dead.
The orc warrior hits you with a +0 great sword!
You die...

##..#..#
##.#..#
#..o.#
#.h#.#
######..#.#
...##....#
###.###.###
#...o..>#
#.#@##### #
#.# ..#
.### ##


You could see an orc warrior.

Vanquished Creatures
  An ogre (D:4)
  A hound (D:4)
  2 adders (D:2)
  An ufetubus (D:3)
  An adder skeleton (D:4)
  2 dart slugs (D:2)
  An orc (D:4)
  4 bats
  5 endoplasms
  3 giant cockroaches (D:4)
  3 goblins
  5 hobgoblins
  A jackal (D:1)
  5 kobolds
  5 ball pythons
  6 frilled lizards
  10 rats
56 creatures vanquished.

Vanquished Creatures (collateral kills)
  A hound (D:4)
  Jessica (D:3)
  A worm (D:2)
  A dart slug (D:1)
  3 orcs (D:4)
  3 ball pythons
  An endoplasm (D:1)
  A goblin (D:1)
  4 hobgoblins
  5 jackals
  A quokka (D:2)
  A bat (D:1)
  A frilled lizard (D:2)
  7 kobolds
  3 rats
34 creatures vanquished.

Grand Total: 90 creatures vanquished

Notes
Turn   | Place    | Note
-------+----------+-------------------------------------------
     0 | D:1      | tilp the Barachi Summoner began the quest for the Orb.
     0 | D:1      | Reached XP level 1. HP: 13/13 MP: 3/3
   107 | D:1      | Reached skill level 1 in Fighting
   158 | D:1      | Found a faded altar of an unknown god.
   385 | D:1      | Reached XP level 2. HP: 22/22 MP: 0/5
   388 | D:1      | Learned a level 2 spell: Call Imp
  1006 | D:1      | Reached XP level 3. HP: 29/29 MP: 6/6
  1409 | D:2      | Learned a level 3 spell: Call Canine Familiar
  1718 | D:2      | Reached XP level 4. HP: 37/37 MP: 7/7
  1913 | D:2      | Identified a scroll of acquirement
  1913 | D:2      | Acquired the amulet of Nobility {RegenMP rPois}
  2066 | D:3      | Noticed Grinder
  2066 | D:3      | Noticed Jessica
  2075 | D:3      | Killed Jessica
  2076 | D:3      | Reached skill level 5 in Summonings
  2229 | D:3      | Found a glowing silver altar of Zin.
  2608 | D:3      | Found a blossoming altar of Fedhas.
  2681 | D:3      | Noticed Terence
  3628 | D:4      | Reached XP level 5. HP: 38/42 MP: 4/9
  3775 | D:4      | Reached skill level 6 in Summonings
  3923 | D:4      | Reached skill level 1 in Shields
  3981 | D:4      | Noticed an ogre
  3987 | D:4      | Killed an ogre
  4217 | D:4      | Noticed Menkaure
  4218 | D:4      | Noticed Eustachio
  4496 | D:5      | Entered Level 5 of the Dungeon
  4537 | D:5      | Noticed an orc warrior
  4600 | D:5      | Mangled by an orc warrior

Illustrated notes

Levels and vault maps discovered:
D:1:      dpeg_arrival_court, layout_basic, hellmonk_ecumenical_altar_lost_god
D:2:      layout_rooms
D:3:      layout_loops_corners, lemuel_crystal_altar, zin_statuary,
          uniq_terence, uniq_grinder, uniq_jessica
D:4:      layout_loops_corners, uniq_menkaure, uniq_eustachio
D:5:      layout_loops_corners, sword_in_stone

Skill      XL: |  1  2  3  4  5 |
---------------+----------------+-----
Fighting       | 2 3 4 |  4.0
Summonings     | 5 6 |  6.0
Spellcasting   | 3 |  3.0
Shields        | 2 |  2.5
Dodging        | |  2.1
Stealth        | |  1.7

Action                   |  1- 3 |  4- 6 || total
-------------------------+-------+-------++-------
Melee: Trident           |    89 |   111 ||   200
 Cast: Summon Small Mamm |    22 |       ||    22
       Call Imp          |    17 |    19 ||    36
       Call Canine Famil |       |    11 ||    11
 Abil: Hop               |     1 |     1 ||     2
  Use: Scroll            |     1 |     5 ||     6
 Stab: Distracted        |     1 |     1 ||     2
       Sleeping          |       |     7 ||     7
Armor: Robe              |    54 |    43 ||    97
Dodge: Dodged            |    80 |    86 ||   166

Table legend: (Time is in decaauts)
 A = Elapsed time spent in this place.
 B = Non-inter-level travel time spent in this place.
 C = Inter-level travel time spent in this place.
 D = Time resting spent in this place.
 E = Time spent auto-exploring this place.
 F = Levels seen in this place.
 G = Mean time per level.
                   A        B        C        D        E       F      G
               +--------+--------+--------+--------+--------+-----+--------+
         Total |   5249 |   5013 |    236 |    162 |   4002 |   5 | 1049.8 |
       Dungeon |   5249 |   5013 |    236 |    162 |   4002 |   5 | 1049.8 |
               +--------+--------+--------+--------+--------+-----+--------+

Top non-repeatable levels by time:
     D:3: 1682 daAuts
     D:1: 1342 daAuts
     D:4: 1163 daAuts
     D:2: 940 daAuts
     D:5: 119 daAuts
